 Dungeon Crawl Stone Soup version 0.31-a0-774-g0d66cbabe8 (webtiles) character file.

Game seed: 15198503161472419907

2254292 yegreS the Worldbinder (level 27, 220/230 HPs)
             Began as a Naga Shapeshifter on Sept 17, 2023.
             Was the Champion of Hepliaklqana.
             Escaped with the Orb
             ... and 4 runes!
             The game lasted 03:41:25 (72764 turns).

yegreS the Worldbinder (Naga Shapeshifter)         Turns: 72764, Time: 03:41:26

Health: 220/230    AC: 49    Str: 25    XL:     27
Magic:  58/58      EV:  6    Int: 31    God:    Hepliaklqana [******]
Gold:   4230       SH: 13    Dex:  8    Spells: 24/68 levels left

rFire   + + +        e - +10 trident "Zele Bepue" {venom, Str+3}
rCold   + + .        f - +2 kite shield {rF+}
rNeg    + + +        a - +10 fire dragon scales "Yranik" {Drain Fly rF++ rC- rN++ SInv}
rPois   +            t - +3 hat of Pondering {ponderous, Will+ MP+10 Int+5}
rElec   +            w - +4 dragonskin cloak
rCorr   +            H - +2 pair of gloves of Moick {Rampage rPois Will+}
SInv    +            X - +4 barding {rC+}
Will    +++++        y - amulet "Ycsa" {RegenMP rN+ Int+5}
Stlth   +            z - ring "Cywk" {Fly rElec Str+3}
HPRegen 0.58/turn    x - ring "Osewkago" {rC++ Will+ rCorr Dex-4 SInv}
MPRegen 0.76/turn

%: rampage
@: enlightened, flying, glowing, studying Stealth, very slow
A: reduced essence, AC +9, large, see invisible, deformed body, poison
resistance, slowness 2, spit poison 1, naga tail 2
0: Orb of Zot
}: 4/15 runes: decaying, serpentine, slimy, silver
a: Spit Poison, Renounce Religion, Recall Ancestor, Ancestor Identity,
Transference, Idealise


You escaped.
You worshipped Hepliaklqana.
Hepliaklqana was exalted by your worship.
You visited 10 branches of the dungeon, and saw 52 of its levels.
You also visited: Ossuary.

You collected 7825 gold pieces.
You spent 3595 gold pieces at shops.

Inventory:

Hand Weapons
 e - the +10 trident "Zele Bepue" (weapon) {venom, Str+3}
   (You found it on level 3 of the Swamp)

   Str+3:     It affects your strength (+3).
Missiles
 g - 10 silver javelins {+f}
 F - 29 boomerangs
Armour
 a - the +10 fire dragon scales "Yranik" (worn) {Drain Fly rF++ rC- rN++ SInv}
   (You found it on level 5 of the Pits of Slime)

   rF++:      It greatly protects you from fire.
   rC-:       It makes you vulnerable to cold.
   rN++:      It greatly protects you from negative energy.
   SInv:      It lets you see invisible.
   Fly:       It grants you flight.
   Drain:     It drains your maximum health when unequipped.
 f - a +2 kite shield of fire resistance (worn)
 t - the +3 hat of Pondering (worn) {ponderous, Will+ MP+10 Int+5}
   (You took it off Gastronok on level 3 of the Lair of Beasts)

   Int+5:     It affects your intelligence (+5).
   Will+:     It increases your willpower.
   MP+10:     It affects your magic capacity (+10).
 w - the +4 dragonskin cloak (worn)
   (You took it off Tiamat on level 2 of the Realm of Zot)

   Avatar's Aegis: It grants the wearer a chance to resist fire, cold, poison,
   electricity, acid, and negative energy.
 D - a +1 robe of resistance
 H - the +2 pair of gloves of Moick (worn) {Rampage rPois Will+}
   (You bought it in a shop on level 2 of the Orcish Mines)

   rPois:     It protects you from poison Will+: It increases your willpower.
   Rampage:   It bestows one free step when moving towards enemies.
 Q - a +2 kite shield of protection
 X - a +4 barding of cold resistance (worn)
Jewellery
 c - the ring of Yzonle {Will+ MP+9 Int+5}
   (You took it off a vault guard on level 5 of the Vaults)

   [ring of magical power]

   Int+5:     It affects your intelligence (+5).
   Will+:     It increases your willpower.
   MP+9:      It affects your magic capacity (+9).
 m - a ring of protection from fire
 x - the ring "Osewkago" (right hand) {rC++ Will+ rCorr Dex-4 SInv}
   (You found it on level 10 of the Dungeon)

   [ring of willpower]

   Dex-4:     It affects your dexterity (-4).
   rC++:      It greatly protects you from cold.
   Will+:     It increases your willpower.
   SInv:      It lets you see invisible.
   rCorr:     It protects you from acid and corrosion.
 y - the amulet "Ycsa" (around neck) {RegenMP rN+ Int+5}
   (You acquired it on level 10 of the Dungeon)

   [amulet of magic regeneration]

   RegenMP:   It increases your rate of magic regeneration.
   Int+5:     It affects your intelligence (+5).
   rN+:       It protects you from negative energy.
 z - the ring "Cywk" (left hand) {Fly rElec Str+3}
   (You found it on level 4 of the Swamp)

   [ring of flight]

   Str+3:     It affects your strength (+3).
   rElec:     It insulates you from electricity.
   Fly:       It grants you flight.
 S - a ring of resist corrosion
 Y - an amulet of regeneration
Wands
 d - a wand of mindburst (41)
 i - a wand of iceblast (55)
 n - a wand of paralysis (39)
 q - a wand of light (27)
 v - a wand of digging (3)
Scrolls
 j - 2 scrolls of immolation
 o - 2 scrolls of torment
 p - 29 scrolls of teleportation {@r3}
 s - 5 scrolls of fog {@r2}
 u - 2 scrolls of blinking {@r4}
 E - 3 scrolls of revelation
 L - 9 scrolls of enchant weapon
 M - 2 scrolls of silence
 N - 2 scrolls of brand weapon
 O - 5 scrolls of butterflies
 R - 7 scrolls of amnesia
 U - 6 scrolls of fear
 W - 3 scrolls of vulnerability
Potions
 b - 11 potions of lignification
 h - 4 potions of cancellation
 k - 15 potions of curing {@q2}
 l - 5 potions of attraction
 A - 8 potions of heal wounds {@q1}
 B - a potion of magic
 G - 5 potions of might {@q3}
 I - a potion of haste {@q5}
 J - 5 potions of enlightenment
 K - 7 potions of mutation
 P - 7 potions of resistance
 Z - 2 potions of invisibility
Miscellaneous
 T - a sack of spiders
 V - a condenser vane (inert)


   Skills:
 + Level 17.1 Fighting
 - Level 4.0 Short Blades
 - Level 12.0 Polearms
 + Level 12.0 Armour
 - Level 5.0 Dodging
 - Level 10.0 Stealth
 - Level 12.0 Shields
 - Level 3.0 Unarmed Combat
 + Level 21.2 Spellcasting
 - Level 22.0 Summonings
 - Level 12.0 Necromancy
 - Level 12.0 Translocations
 - Level 12.0 Ice Magic
 - Level 5.0 Earth Magic
 - Level 12.0 Invocations
 - Level 6.0 Evocations
 - Level 3.0 Shapeshifting


You had 24 spell levels left.
You knew the following spells:

 Your Spells              Type           Power      Damage    Failure   Level
a - Borgnjor's Vile Clut  Necr/Erth      36%        N/A       3%          5
b - Malign Gateway        Summ/Tloc      47%        N/A       3%          7
d - Summon Horrible Thin  Summ           53%        N/A       3%          8
e - Blink                 Tloc           100%       N/A       1%          2
f - Summon Forest         Summ/Tloc      47%        N/A       1%          5
p - Simulacrum            Ice/Necr       41%        N/A       4%          6
q - Death Channel         Necr           41%        N/A       4%          6
v - Summon Mana Viper     Hex/Summ       79%        N/A       1%          5

Your spell library contained the following spells:

 Spells                   Type           Power      Damage    Failure   Level
 Summon Small Mammal      Summ           100%       N/A       0%          1
 Call Imp                 Summ           100%       N/A       0%          2
 Call Canine Familiar     Summ           100%       N/A       0%          3
 Apportation              Tloc           100%       N/A       1%          1
 Freeze                   Ice            100%       1d10      1%          1
 Kiss of Death            Conj/Necr      100%       2d13      1%          1
 Necrotise                Necr           100%       1d9       1%          1
 Lesser Beckoning         Tloc           100%       N/A       1%          2
 Momentum Strike          Conj/Tloc      100%       3d10      1%          2
 Frozen Ramparts          Ice            100%       1d16      1%          3
 Hailstorm                Conj/Ice       63%        3d13      1%          3
 Ozocubu's Armour         Ice            82%        N/A       1%          3
 Summon Guardian Golem    Hex/Summ       79%        N/A       1%          3
 Volatile Blastmotes      Fire/Tloc      100%       2d18      1%          3
 Animate Armour           Summ/Erth      100%       N/A       1%          4
 Dispel Undead            Necr           82%        3d27      1%          4
 Manifold Assault         Tloc           82%        N/A       1%          4
 Passage of Golubria      Tloc           82%        N/A       1%          4
 Summon Ice Beast         Ice/Summ       95%        N/A       1%          4
 Summon Cactus Giant      Summ           53%        N/A       1%          6
 Monstrous Menagerie      Summ           53%        N/A       1%          7
 Summon Hydra             Summ           53%        N/A       1%          7
 Foxfire                  Conj/Fire      100%       2x1d9     3%          1
 Magic Dart               Conj           100%       1d8       3%          1
 Shock                    Conj/Air       100%       1d9       3%          1
 Sting                    Tmut/Pois      100%       1d8       3%          1
 Anguish                  Hex/Necr       31%        N/A       3%          4
 Iskenderun's Mystic Bla  Conj/Tloc      63%        2d13      3%          4
 Vhi's Electric Charge    Tloc/Air       100%       N/A       3%          4
 Haunt                    Necr/Summ      47%        N/A       3%          7
 Stone Arrow              Conj/Erth      96%        3d13      4%          3
 Jinxbite                 Hex            64%        N/A       6%          2
 Poisonous Vapours        Pois/Air       64%        N/A       6%          2
 Scorch                   Fire           64%        2d7       6%          2
 Wereblood                Tmut           32%        N/A       6%          2
 Metabolic Englaciation   Hex/Ice        31%        N/A       9%          5
 Confusing Touch          Hex            32%        N/A       12%         3
 Ignite Poison            Fire/Tmut/Pois 32%        N/A       12%         3
 Mephitic Cloud           Conj/Pois/Air  32%        N/A       12%         3
 Swiftness                Air            32%        N/A       12%         3
 Tukima's Dance           Hex            32%        N/A       12%         3
 Petrify                  Tmut/Erth      48%        N/A       14%         4
 Ozocubu's Refrigeration  Ice            41%        4d16      24%         7
 Spellforged Servitor     Conj/Summ      39%        N/A       34%         7
 Airstrike                Air            16%        2d(3-19)  36%         4
 Cause Fear               Hex            16%        N/A       36%         4
 Flame Wave               Conj/Fire      32%        2d9       36%         4
 Fulminant Prism          Conj/Hex       16%        3d10      36%         4
 Olgreb's Toxic Radiance  Pois           32%        N/A       36%         4
 Sticky Flame             Conj/Fire      32%        2d5       36%         4
 Dragon's Call            Summ           53%        N/A       43%         9
 Alistair's Intoxication  Tmut/Pois      21%        N/A       71%         5
 Arcjolt                  Conj/Air       16%        1d26      71%         5
 Fireball                 Conj/Fire      16%        3d8       71%         5
 Irradiate                Conj/Tmut      16%        3d17      71%         5
 Iskenderun's Battlesphe  Conj           32%        2d8       71%         5
 Yara's Violent Unravell  Hex/Tmut       16%        3d8       71%         5
 Leda's Unmaking          Conj/Erth      24%        9d5       91%         6
 Eringya's Noxious Bog    Tmut/Pois      16%        4d6       99%         6
 Plasma Beam              Fire/Air       16%        2x1d27    99%         6
 Starburst                Conj/Fire      16%        6d6       99%         6
 Enfeeble                 Hex            16%        N/A       100%        7
 Discord                  Hex            16%        N/A       100%        8
 Ignition                 Fire           16%        3d6       100%        8
 Lehudib's Crystal Spear  Conj/Erth      24%        10d7      100%        8
 Maxwell's Capacitive Co  Air            16%        ∞         100%        8
 Polar Vortex             Ice            41%        12d5*     100%        9


Dungeon Overview and Level Annotations

Branches:
Dungeon (15/15)            Temple (0/1) D:5            Lair (5/5) D:9
  Swamp (4/4) Lair:3        Snake (4/4) Lair:2        Slime (5/5) Lair:4
    Orc (2/2) D:11            Elf (3/3) Orc:2        Vaults (5/5) D:13
  Crypt (0/3) Vaults:3     Depths (4/4) D:15            Zot (5/5) Depths:4
Ossuary (visited)

Altars:
Dithmenos
Fedhas
Gozag
Hepliaklqana
Nemelex Xobeh
Vehumet
Xom
Jiyva

Shops:
D:3 ?   D:9 *(!   D:11 (   D:12 (   D:14 :   Orc:2 [(([   Elf:1 *   Elf:2 *
Elf:3 [   Snake:2 =::   Vaults:1 ?   Vaults:2 (   Vaults:3 **!   Vaults:4 ?
Depths:1 *   Depths:3 [

Portals:
Hell: Depths:1 Depths:2 Depths:3 Depths:4
Abyss: Depths:3
Ziggurat: Depths:2

Annotations:
D:3 exclusion: downstairs
D:4 exclusions: downstairs and hexer
D:6 4 exclusions
D:8 Joseph
D:11 8 exclusions
D:13 2 transporters, t4s4d4r's ghost, journeyman OpHu
Lair:4 3 runed translucent doors, Zenatt's ghost, journeyman TrFi
Lair:5 exclusion: 3 doors
Snake:3 exclusion: downstairs
Elf:2 3 runed translucent doors
Depths:2 1 exclusion
Zot:1 exclusion: downstairs
Zot:5 exclusion: 2 upstairs


Innate Abilities, Weirdness & Mutations

Your life essence is reduced to manifest your ancestor. (-10% HP)
Your serpentine skin is tough. (AC +9)
You have supernaturally acute eyesight. (SInv)
Armour fits poorly on your strangely shaped body.
Your system is resistant to poisons. (rPois)
You cover ground very slowly.
You can spit poison.
You can use your snake-like lower body to constrict enemies.


Message History

You constrict the shadow demon. You puncture the shadow demon!
The shadow demon is heavily wounded.
You constrict the shadow demon. You block the shadow demon's attack.
You hit the shadow demon.
The shadow demon looks as sick as possible!
The shadow demon is heavily wounded.
You constrict the shadow demon!
The shadow demon hits you but does no damage.
You puncture the shadow demon!
The shadow demon is almost dead.
You constrict the shadow demon. You block the orange demon's attack.
You hit the shadow demon.
You kill the shadow demon!
The orange demon stings you but does no damage.
You reach to attack!
You puncture the orange demon!
The orange demon is moderately wounded.
Hexer casts a spell at the orange demon.
The orange demon easily resists.
Hexer barely misses the orange demon.
Hexer hits the orange demon with a +0 antimagic quick blade!
You reach to attack!
You barely miss the orange demon.
The orange demon is severely wounded.
Hexer casts a spell at the orange demon.
The orange demon easily resists.
The orange demon stings Hexer!
The orange demon hits Hexer.
Hexer looks weaker.
You reach to attack!
You impale the orange demon!!
You kill the orange demon!
No target in view!
No target in view!
You feel more buoyant.
Hexer is no longer weakened.
A small abomination comes into view.
The small abomination moves out of view.
There is a staircase leading out of the dungeon here.
You start resting.
A cherub comes into view.
It is wielding a +1 long sword of flaming.
Hexer points at the cherub and mumbles some strange words.
The cherub resists with almost no effort.
You have escaped!

#...#~.~#≈≈§#..#########
#...#~.~#≈≈.#....#
#...#~.~#§.§#....#
#..x#...#...#....#
#...........#....#
#...........#....#
#...........######
#.....R.....#
#.....@.....#
#.........A.#
#############


You could see the friendly Hexer the hexer (fast), a cherub (ally target) and a
small abomination.

Vanquished Creatures
  A dread lich (Zot:5)
  An ancient lich (Vaults:5)
  Bai Suzhen (Snake:4)
  A Killer Klown (Zot:5)
  the Lernaean hydra (Swamp:4)
  Vashnia (Snake:4)
  A caustic shrike (Depths:4)
  A golden dragon (Depths:4)
  The ghost of Eseiphumn the Warrior, an adept MeFi of Zin (Elf:2)
  An electric golem (Zot:2)
  3 liches
  5 tentacled monstrosities
  4 Orb Guardians
  2 quicksilver dragons
  3 sphinxes
  A titan (Depths:4)
  2 deep elf master archers (Elf:3)
  2 acid blobs (Slime:5)
  4 tengu reavers
  Gastronok (Lair:3)
  3 draconian monks
  A demonspawn warmonger (D:5)
  2 nagarajas (Snake:4)
  3 shadow dragons
  5 storm dragons
  2 fire giants (Depths:4)
  2 rockslimes (Slime:5)
  3 draconian knights
  2 azure jellies (Slime:5)
  A draconian scorcher (Zot:5)
  4 vault wardens
  4 frost giants
  2 deep elf elementalists (Elf:3)
  3 draconian shifters (Zot:2)
  An orc warlord (Orc:2)
  An angel (D:3)
  A draconian annihilator (Zot:2)
  A ghost moth (Zot:5)
  4 draconian stormcallers
  2 formless jellyfish
  3 ironbound preservers
  4 quicksilver oozes (Slime:5)
  3 stone giants
  7 very ugly things
  A vampire knight (Depths:3)
  2 war gargoyles (Vaults:5)
  5 green draconians
  An ironbound thunderhulk (Vaults:2)
  4 deep elf demonologists
  3 purple draconians
  5 black draconians
  3 deep elf annihilators (Elf:3)
  A dire elephant (Vaults:1)
  A red draconian (Depths:4)
  3 spark wasps (Depths:3)
  3 white draconians
  3 yellow draconians
  10 ettins
  3 deep elf death magi (Elf:3)
  5 jiangshi
  9 yaktaur captains
  2 fire dragons
  4 deep elf high priests
  3 green deaths
  4 great orbs of eyes
  2 rakshasas
  An entropy weaver (shapeshifter) (Vaults:5)
  5 ice dragons
  A hell beast (Depths:3)
  3 hydras
  10 vault guards
  3 ironbound frosthearts
  An ogre mage (Depths:3)
  A peacekeeper (Vaults:3)
  4 anacondas
  A catoblepas (D:13)
  An ice dragon (shapeshifter) (Vaults:5)
  2 boulder beetles
  8 two-headed ogres
  2 dancing weapons
  3 centaur warriors
  2 tengu warriors
  2 vampire magi
  Urug (D:13)
  6 naga sharpshooters
  2 death yaks (Depths:3)
  A shock serpent (shapeshifter) (D:11)
  3 naga warriors
  5 nameless horrors
  A deep troll earth mage (Depths:3)
  8 hell knights
  2 orc high priests
  2 shock serpents
  2 spriggan berserkers (Depths:3)
  3 sun demons
  14 deep elf knights
  A soul eater (Depths:3)
  2 iron trolls
  A salamander mystic (Snake:3)
  2 skeletal warriors (D:14)
  A goliath frog (Swamp:1)
  2 glowing orange brains
  A spriggan druid (Swamp:4)
  A spriggan rider (Swamp:2)
  12 deep trolls
  3 swamp dragons
  2 naga ritualists
  A shadow demon (D:1)
  An obsidian statue (Elf:2)
  2 bog bodies
  A wizard (Vaults:1)
  2 deep elf archers
  17 deep elf pyromancers
  15 deep elf zephyrmancers
  5 orc knights
  5 ironbound convokers
  3 necromancers
  4 lindwurms
  2 phantasmal warriors
  18 ugly things
  4 salamanders
  6 cyclopes
  2 orc sorcerers (Orc:2)
  3 mana vipers (Snake:3)
  7 moths of wrath
  2 manticores
  15 black mambas
  A water nymph (shapeshifter) (Elf:3)
  17 elephants
  2 rust devils
  3 naga magi
  3 smoke demons (Depths:3)
  A torpor snail (shapeshifter) (Vaults:5)
  2 vault sentinels (Vaults:3)
  2 orange demons
  5 cane toads
  Maggie (D:8)
  A gargoyle (D:13)
  A rime drake (Lair:2)
  7 yaktaurs
  2 unseen horrors
  2 kobold demonologists
  A komodo dragon (shapeshifter) (D:10)
  A tengu conjurer (Depths:4)
  An efreet (D:14)
  2 freezing wraiths
  6 komodo dragons
  A red devil (Depths:2)
  A hellwing (Depths:2)
  A meliai (D:11)
  2 polar bears
  6 trolls
  A bloated husk (Swamp:1)
  5 hornets
  4 saltlings (Orc:2)
  Grinder (D:4)
  A dream sheep (Lair:4)
  A raiju (shapeshifter) (D:15)
  12 slime creatures
  2 spriggans
  22 yaks
  5 air elementals
  A shadow (D:11)
  4 wyverns
  A hog (Snake:4)
  A large abomination (Zot:3)
  4 golden eyes
  A basilisk (D:12)
  A chaos spawn (D:9)
  A fire elemental (Elf:3)
  10 nagas
  5 vampire mosquitoes
  4 wargs
  4 swamp worms
  2 acid dragons
  5 water moccasins
  A floating eye (Depths:2)
  A sky beast (D:7)
  14 orc warriors
  4 swamp drakes
  An ice beast (D:6)
  5 ogres
  3 black bears
  5 wolves
  8 centaurs
  5 hexers
  2 phantoms
  An elf zombie (Ossuary)
  7 bullfrogs
  A cyclops zombie (Depths:3)
  3 gnoll sergeants
  5 scorpions
  An earth elemental (Elf:2)
  7 wights
  A killer bee (D:12)
  3 howler monkeys
  An electric eel (Lair:5)
  2 centaur zombies (Ossuary)
  A jelly (D:8)
  A gnoll bouda (D:10)
  8 orc priests
  A hell rat (Lair:1)
  14 orc wizards
  2 mummies
  9 gnolls
  6 adders
  5 adder zombies (Ossuary)
  2 worms (D:2)
  50 orcs
  5 endoplasms
  4 giant cockroaches
  3 goblins
  3 hobgoblins
  2 jackals (D:5)
  6 kobolds
  A quokka (D:2)
  9 ball pythons
  8 bats
  3 frilled lizards
  4 goblin zombies
  5 hobgoblin zombies
  A kobold zombie (Ossuary)
  6 quokka zombies (Ossuary)
  5 rats
  3 rat zombies (Ossuary)
  A snaplasher vine (Vaults:4)
840 creatures vanquished.

Vanquished Creatures (collateral kills)
  the Royal Jelly (Slime:5)
  Tiamat (Zot:2)
  A dread lich (Zot:5)
  2 orbs of fire (Zot:5)
  5 ancient liches
  Mennas (Vaults:4)
  A juggernaut (Depths:3)
  Sojobo (Depths:1)
  Parghit (Depths:3)
  3 Killer Klowns (Zot:5)
  2 caustic shrikes (Depths:4)
  A curse toe (Zot:2)
  8 golden dragons
  Norris (Depths:1)
  3 electric golems
  Jorgrun (D:13)
  2 deep elf blademasters (Elf:3)
  4 titans
  15 tentacled monstrosities
  24 Orb Guardians
  2 liches
  20 acid blobs
  A quicksilver dragon (Zot:5)
  An Executioner (Zot:3)
  6 death cobs
  4 sphinxes
  6 storm dragons
  Kirke (Snake:4)
  3 shadow dragons
  An eldritch tentacle (Depths:3)
  4 tengu reavers
  3 draconian monks
  Aizul (Depths:1)
  Donald (Snake:4)
  7 azure jellies
  Roxanne (Snake:1)
  2 nagarajas (Snake:4)
  8 rockslimes
  A fenstrider witch (Swamp:3)
  2 draconian knights
  5 fire giants
  3 draconian scorchers
  8 frost giants
  2 deep elf sorcerers (Elf:3)
  A ghost moth (Zot:3)
  An iron dragon (Vaults:5)
  A deep elf elementalist (Elf:3)
  7 vault wardens
  4 draconian shifters
  5 draconian stormcallers
  2 cacodemons
  6 ironbound preservers
  An orc warlord (Vaults:4)
  3 spriggan defenders
  3 draconian annihilators (Zot:5)
  14 very ugly things
  3 vampire knights
  6 quicksilver oozes
  7 stone giants
  4 war gargoyles
  2 reapers
  A formless jellyfish (Vaults:2)
  4 deep elf demonologists (Elf:3)
  3 eleionomae
  7 green draconians
  2 black draconians (Zot:2)
  5 bunyips
  6 white draconians
  5 deep elf annihilators
  7 yellow draconians
  13 dire elephants
  7 red draconians
  3 spark wasps (Depths:3)
  6 purple draconians
  3 deep elf death magi
  20 ettins
  2 green deaths
  2 fire dragons (Depths:2)
  A shambling mangrove (Swamp:4)
  6 great orbs of eyes
  A merfolk javelineer (Depths:2)
  21 vault guards
  6 yaktaur captains
  3 deep elf high priests
  3 salamander tyrants
  3 ice dragons
  3 rakshasas
  16 hydras
  2 ogre magi
  11 alligators
  2 ghost crabs
  A peacekeeper (Vaults:4)
  A catoblepas (Depths:3)
  12 ironbound frosthearts
  9 centaur warriors
  9 anacondas
  2 death knights (Vaults:3)
  6 boulder beetles
  6 spriggan air magi
  9 tengu warriors
  7 death yaks
  14 dancing weapons
  5 deep troll shamans
  8 naga warriors
  A vampire mage (Depths:4)
  10 two-headed ogres
  2 spriggan berserkers
  4 deep troll earth magi
  9 hell knights
  8 naga sharpshooters
  4 shock serpents
  4 soul eaters
  3 sun demons
  4 salamander mystics (Snake:4)
  4 deep elf knights
  3 iron trolls
  A shadow wraith (Vaults:3)
  5 skysharks
  3 goliath frogs
  2 spriggan riders
  A sixfirhy (D:15)
  2 spriggan druids (Swamp:2)
  A flayed ghost (Depths:1)
  12 swamp dragons
  2 skeletal warriors (D:14)
  6 naga ritualists
  2 glowing orange brains
  22 deep trolls
  An orc knight (Vaults:5)
  4 bog bodies
  A necromancer (Vaults:5)
  9 ironbound convokers
  An orange crystal statue (Vaults:3)
  2 phantasmal warriors
  9 deep elf archers
  3 lindwurms (Vaults:1)
  2 stone giant zombies (Depths:3)
  2 wolf spiders
  10 mana vipers
  11 deep elf pyromancers
  7 deep elf zephyrmancers
  3 wizards
  A will-o-the-wisp (Swamp:1)
  27 ugly things
  2 orc sorcerers
  4 shining eyes
  11 salamanders
  10 cyclopes
  5 manticores
  11 moths of wrath
  A manticore (shapeshifter) (Vaults:5)
  21 black mambas
  9 elephants
  2 guardian serpents (Snake:1)
  9 vault sentinels
  2 eyes of devastation (Depths:2)
  A torpor snail (Lair:4)
  14 naga magi
  2 smoke demons (Depths:3)
  3 orange demons
  14 cane toads
  A gargoyle (D:10)
  A tormentor (Depths:2)
  An unseen horror (D:11)
  15 yaktaurs
  A freezing wraith (Vaults:5)
  3 komodo dragons
  2 tengu conjurers
  A red devil (Zot:1)
  A troll (D:11)
  A hellwing (Depths:2)
  A polar bear (Lair:3)
  2 saltlings (Orc:2)
  A tyrant leech (shapeshifter) (Vaults:5)
  4 tyrant leeches
  5 hornets
  4 nameless horrors
  Sigmund (D:5)
  2 dream sheep (Lair:4)
  A centaur simulacrum (D:14)
  57 slime creatures
  A water elemental (Elf:3)
  2 wyverns
  2 wraiths
  A shadow (D:11)
  3 air elementals (Elf:1)
  4 spriggans
  12 yaks
  2 vampires
  5 basilisks
  11 golden eyes
  2 fire elementals
  7 vampire mosquitoes
  A steam dragon (D:9)
  14 swamp worms
  2 wargs (Orc:2)
  26 nagas
  An acid dragon (D:11)
  5 water moccasins
  2 large abominations (Zot:3)
  An ice beast (D:5)
  A floating eye (Depths:2)
  7 orc warriors
  7 swamp drakes
  An ogre (Depths:3)
  A black bear (D:4)
  A boggart (Vaults:4)
  4 wolves
  10 centaurs
  Blork the orc (D:6)
  3 phantoms
  A kobold brigand (D:6)
  2 gnoll sergeants
  2 bullfrogs
  3 scorpions
  A cyclops zombie (Depths:3)
  2 wights
  A killer bee (D:11)
  7 howler monkeys
  3 centaur zombies (Ossuary)
  2 hounds
  7 orc priests
  A jelly (D:3)
  2 iguanas
  8 orc wizards
  6 mummies (Ossuary)
  A gnoll (shapeshifter) (Vaults:5)
  12 gnolls
  4 adders
  4 shadow imps
  4 white imps
  2 dart slugs
  23 orcs
  2 bats
  6 endoplasms
  4 goblins
  8 hobgoblins
  4 jackals
  A kobold (D:4)
  2 quokkas
  2 ball pythons
  2 frilled lizards
  A kobold zombie (Ossuary)
  A rat zombie (Ossuary)
  3 butterflies (Lair:3)
1212 creatures vanquished.

Vanquished Creatures (others)
  A tentacled monstrosity (Zot:2)
  11 eldritch tentacles
  A tengu warrior (Depths:3)
  A deep elf knight (Elf:3)
  A necromancer (Vaults:5)
  2 ugly things
  A naga mage (Snake:4)
  A bloated husk (Swamp:1)
  2 humans (Snake:4)
  A boggart (D:11)
  A centaur (D:13)
  2 orc wizards (D:8)
  93 hexers
  An orc (D:8)
  An ancestor (D:1)
  25 snaplasher vines
145 creatures vanquished.

Grand Total: 2197 creatures vanquished

Notes
Turn   | Place    | Note
-------+----------+-------------------------------------------
     0 | D:1      | yegreS the Naga Shapeshifter began the quest for the Orb.
     0 | D:1      | Reached XP level 1. HP: 18/18 MP: 1/1
   100 | D:1      | Reached skill level 1 in Stealth
   296 | D:1      | Found a faded altar of an unknown god.
   300 | D:1      | Prayed at the altar of an unknown god.
   300 | D:1      | Became a worshipper of Hepliaklqana the Forgotten
   300 | D:1      | Reached * piety under Hepliaklqana
   561 | D:1      | Reached XP level 2. HP: 22/22 MP: 2/2
  1461 | D:1      | Reached XP level 3. HP: 27/27 MP: 3/3
  1749 | D:2      | Reached skill level 5 in Stealth
  2249 | D:2      | Reached XP level 4. HP: 35/35 MP: 4/4
  2476 | D:2      | Reached ** piety under Hepliaklqana
  2477 | D:2      | Remembered your ancestor Hexer as a hexer
  3688 | D:1      | Found a hazy altar of Hepliaklqana.
  4178 | D:3      | Found Vuirhoyg's Magic Scroll Boutique.
  4305 | D:3      | Bought a scroll of blinking for 97 gold pieces
  4326 | D:3      | Bought a scroll of teleportation for 39 gold pieces
  4415 | D:3      | Reached XP level 5. HP: 37/44 MP: 5/5
  5236 | D:3      | Found Vuirhoyg's Magic Scroll Boutique.
  5764 | D:4      | Reached skill level 1 in Short Blades
  5918 | D:4      | Noticed a black bear
  6039 | D:3      | Bought a scroll of identify for 26 gold pieces
  6331 | D:4      | Reached XP level 6. HP: 47/51 MP: 6/6
  6439 | D:3      | Bought a scroll of identify for 26 gold pieces
  6556 | D:4      | Found a shimmering altar of Xom.
  6558 | D:4      | Found a radiant altar of Vehumet.
  6602 | D:4      | Noticed Grinder
  6614 | D:5      | Entered Level 5 of the Dungeon
  6622 | D:5      | Noticed an ice beast
  6900 | D:5      | Found a staircase to the Ecumenical Temple.
  7164 | D:4      | Killed a black bear
  7165 | D:4      | Reached skill level 5 in Fighting
  7199 | D:5      | Reached XP level 7. HP: 61/61 MP: 7/7
  7460 | D:3      | Bought a scroll of noise for 13 gold pieces
  8311 | D:5      | Reached XP level 8. HP: 72/72 MP: 8/8
  8598 | D:5      | Noticed Sigmund
  8606 | D:5      | Killed Sigmund
  9246 | D:5      | Found a staircase to the Ecumenical Temple.
  9883 | D:3      | Bought a scroll of fog for 52 gold pieces
 10027 | D:6      | Noticed Blork the orc
 10031 | D:6      | Killed Blork the orc
 10054 | D:5      | Reached skill level 10 in Fighting
 10160 | D:6      | Reached XP level 9. HP: 72/83 MP: 9/9
 10306 | D:6      | Found a sand-covered staircase.
 10311 | Ossuary  | Entered an ossuary
 10459 | Ossuary  | Reached *** piety under Hepliaklqana
 11778 | D:4      | Killed Grinder
 13978 | D:8      | Noticed Joseph
 14118 | D:8      | Noticed Maggie
 14120 | D:8      | Noticed a hornet
 14413 | D:8      | Reached **** piety under Hepliaklqana
 14553 | D:8      | Killed a hornet
 14610 | D:8      | Killed Maggie
 14611 | D:8      | Reached XP level 10. HP: 94/94 MP: 7/13
 14708 | D:8      | Reached skill level 5 in Invocations
 15448 | D:9      | Found Nithre's Elemental Accessories.
 16280 | D:9      | Found Cehol's Distillery.
 16501 | D:9      | Bought a potion of haste for 160 gold pieces
 16501 | D:9      | Bought a potion of heal wounds for 80 gold pieces
 16509 | D:9      | Noticed a kobold demonologist
 16937 | D:9      | Found a staircase to the Lair.
 16988 | D:9      | Found Woumuam's Weapon Shoppe.
 17012 | D:10     | Entered Level 10 of the Dungeon
 17055 | D:10     | Identified the +1 scale mail "Mebricki" {-Tele rF+ rN+}
 17250 | D:10     | Noticed a two-headed ogre
 17256 | D:10     | Killed a two-headed ogre
 17257 | D:10     | Reached skill level 5 in Dodging
 17285 | D:10     | Noticed a gargoyle
 17438 | D:10     | Killed a gargoyle
 17439 | D:10     | Reached skill level 10 in Stealth
 17439 | D:10     | Reached XP level 11. HP: 59/102 MP: 10/15
 17582 | D:10     | Identified a scroll of acquirement
 17663 | D:10     | Got a lithographed book
 17688 | D:10     | Noticed a centaur warrior
 18054 | D:10     | Reached skill level 1 in Spellcasting
 18054 | D:10     | Reached skill level 1 in Necromancy
 18056 | D:10     | Noticed a cyclops
 18150 | D:10     | Killed a cyclops
 18260 | D:11     | Found Getaz's Weapon Shop.
 18362 | D:11     | Noticed a cyclops
 18450 | D:11     | Noticed a manticore
 18458 | D:11     | Killed a manticore
 18459 | D:11     | Reached skill level 1 in Armour
 18467 | D:11     | Learned a level 5 spell: Borgnjor's Vile Clutch
 18469 | D:11     | Noticed a two-headed ogre
 18476 | D:11     | Killed a two-headed ogre
 18536 | D:11     | Noticed a lindwurm
 18542 | D:11     | a lindwurm changed into a shock serpent
 18542 | D:11     | Noticed a shock serpent (shapeshifter)
 18548 | D:11     | Killed a shock serpent
 18556 | D:11     | Found a gate leading to a gauntlet.
 18560 | D:11     | Noticed a manticore
 18569 | D:11     | Noticed a wolf spider
 18572 | D:11     | Identified the +0 ring mail of Objectivity {rN+ Int+3
                  | Stlth+}
 18682 | D:9      | Learned a level 3 spell: Frozen Ramparts
 18686 | D:9      | Learned a level 3 spell: Hailstorm
 18686 | D:9      | Acquired the amulet "Ycsa" {RegenMP rN+ Int+5}
 18698 | Lair:1   | Entered Level 1 of the Lair of Beasts
 19263 | Lair:1   | Reached skill level 1 in Ice Magic
 19682 | Lair:1   | Reached XP level 12. HP: 104/109 MP: 15/18
 20432 | Lair:2   | Noticed a four-headed hydra
 20438 | Lair:2   | Killed a four-headed hydra
 20488 | Lair:2   | Reached ***** piety under Hepliaklqana
 20512 | Lair:2   | Learned a level 4 spell: Summon Ice Beast
 20600 | Lair:2   | Reached skill level 5 in Ice Magic
 20626 | Lair:2   | Reached skill level 5 in Spellcasting
 20940 | Lair:2   | Reached skill level 5 in Necromancy
 21193 | Lair:2   | Found a staircase to the Snake Pit.
 21977 | Lair:3   | Noticed a four-headed hydra
 21996 | Lair:3   | Killed a four-headed hydra
 21997 | Lair:3   | Noticed a six-headed hydra
 22002 | Lair:3   | Killed a six-headed hydra
 22282 | Lair:3   | Noticed a death yak
 22282 | Lair:3   | Noticed a death yak
 22349 | Lair:3   | Gained mutation: You can use your snake-like lower body to
                  | constrict enemies. [Naga growth]
 22349 | Lair:3   | Reached XP level 13. HP: 113/116 MP: 22/22
 22418 | Lair:3   | Reached skill level 1 in Earth Magic
 22433 | Lair:3   | Noticed Gastronok
 22453 | Lair:3   | Killed Gastronok
 22908 | Lair:3   | Found a staircase to the Swamp.
 23059 | Lair:3   | Learned a level 6 spell: Death Channel
 23082 | Lair:4   | Found a staircase to the Slime Pits.
 23082 | Lair:4   | Found a viscous altar of Jiyva.
 23493 | Lair:4   | Reached skill level 10 in Necromancy
 23494 | Lair:4   | Reached skill level 5 in Earth Magic
 23539 | Lair:4   | Found a runed translucent gate.
 23539 | Lair:4   | Found a runed translucent gate.
 23939 | Lair:4   | Found a sparkling altar of Nemelex Xobeh.
 24365 | Lair:4   | Found a runed translucent gate.
 24388 | Lair:4   | You are sucked into a shaft and drop 1 floor!
 24388 | Lair:5   | Entered Level 5 of the Lair of Beasts
 24778 | Lair:5   | Reached XP level 14. HP: 106/124 MP: 25/25
 25147 | Lair:4   | Noticed Zenatt's ghost (journeyman TrFi)
 25310 | Lair:5   | Reached skill level 1 in Polearms
 25783 | Lair:5   | Noticed a dire elephant
 26279 | D:9      | Reached skill level 1 in Summonings
 26295 | D:9      | Bought a throwing net for 45 gold pieces
 26490 | D:10     | Identified the ring "Osewkago" {rC++ Will+ rCorr Dex-4
                  | SInv}
 26495 | D:10     | Identified the +4 ring mail of the Equinox {Contam Will+++
                  | MP+9 Int+3}
 26569 | D:11     | Reached skill level 2 in Summonings
 26773 | D:11     | Reached skill level 3 in Summonings
 26927 | D:11     | Noticed a fire giant
 27003 | D:12     | Found the amulet of Elemental Vulnerability {rPois rF--
                  | rC-- AC+8}
 27006 | D:12     | Found a radiant altar of Vehumet.
 27055 | D:12     | Reached skill level 4 in Summonings
 27305 | D:12     | Found Fauprar's Weapon Shop.
 27841 | D:11     | Reached skill level 5 in Polearms
 28027 | D:11     | Reached XP level 15. HP: 121/135 MP: 6/27
 28193 | D:11     | Identified the +3 scale mail "Ceckiddu" {rPois rN+ rCorr}
 28222 | D:11     | Identified the staff "Caggye" {rC+ rN+ Dex+5 Ice}
 28303 | D:11     | Learned a level 2 spell: Blink
 28456 | D:11     | Killed a fire giant
 28457 | D:11     | Reached skill level 1 in Translocations
 28664 | D:11     | Found a staircase to the Orcish Mines.
 29404 | D:13     | Found a gate to the Vaults.
 29417 | D:13     | Noticed Urug
 29434 | D:13     | Killed Urug
 29451 | D:13     | Noticed Jorgrun
 29458 | D:13     | Killed Jorgrun
 29660 | D:13     | Found a transporter.
 29660 | D:13     | Noticed t4s4d4r's ghost (journeyman OpHu)
 29697 | D:13     | Found a transporter.
 30105 | Orc:1    | Entered Level 1 of the Orcish Mines
 30452 | Orc:2    | Entered Level 2 of the Orcish Mines
 30466 | Orc:2    | Reached skill level 5 in Translocations
 30695 | Orc:2    | Noticed an orc warlord
 30716 | Orc:2    | Killed an orc warlord
 31143 | Orc:2    | Found a staircase to the Elven Halls.
 31513 | Orc:2    | Reached skill level 10 in Invocations
 31545 | Orc:2    | Found Voul's Antique Weapon Shop.
 31547 | Orc:2    | Found Ekhitoul's Antique Armour Shop.
 31578 | Orc:2    | Found Gaet's Armour Shoppe.
 31639 | Orc:2    | Found Roagaego's Antique Weapon Boutique.
 31835 | Orc:2    | Bought the +2 pair of gloves of Moick {Rampage rPois Will+}
                  | for 469 gold pieces
 31835 | Orc:2    | Bought a +0 barding of cold resistance for 450 gold pieces
 32153 | D:14     | Reached skill level 15 in Fighting
 32277 | D:14     | Reached XP level 16. HP: 146/146 MP: 29/29
 32349 | D:14     | Found a blossoming altar of Fedhas.
 32376 | D:14     | Reached skill level 10 in Spellcasting
 32414 | D:14     | Reached skill level 5 in Summonings
 32542 | D:14     | Learned a level 5 spell: Summon Forest
 32870 | D:14     | Found Tayhir's Book Shop.
 32885 | D:14     | Bought a book of Winter for 510 gold pieces
 32892 | D:14     | Learned a level 6 spell: Simulacrum
 33034 | D:15     | Entered Level 15 of the Dungeon
 33458 | D:15     | Found a shadowy altar of Dithmenos.
 33606 | D:15     | Found a staircase to the Depths.
 34436 | Lair:4   | Found a runed translucent gate.
 34436 | Lair:4   | Found a runed translucent gate.
 34436 | Lair:4   | Found a runed translucent gate.
 34650 | Lair:4   | Found a staircase to the Slime Pits.
 34651 | Lair:4   | Found a viscous altar of Jiyva.
 34931 | Lair:4   | Found a sparkling altar of Nemelex Xobeh.
 35079 | Snake:1  | Entered Level 1 of the Snake Pit
 35414 | Orc:2    | Bought a twisted morningstar for 252 gold pieces
 35414 | Orc:2    | Identified the +3 morningstar of Jufaash {elec, Fly rC-
                  | Int-5 Dex+5} (You bought it in a shop on level 2 of the
                  | Orcish Mines)
 35715 | Snake:1  | Reached skill level 6 in Summonings
 35766 | Snake:1  | Identified the +1 war axe "Guraj" {venom, Str+4 Stlth+}
 35946 | Snake:1  | Reached skill level 7 in Summonings
 36090 | Snake:1  | Noticed Roxanne
 36114 | Snake:1  | Killed Roxanne
 36601 | Snake:2  | Identified the +6 broad axe of Bady Ygu {antimagic, rElec
                  | Stlth+}
 37008 | Snake:2  | Found Yman's Jewellery Boutique.
 37008 | Snake:2  | Found Maocagyv's Book Shoppe.
 37009 | Snake:2  | Found Wulonar's Book Shoppe.
 37041 | Snake:2  | Reached skill level 8 in Summonings
 37192 | Snake:2  | Reached ****** piety under Hepliaklqana
 37229 | Snake:2  | Reached XP level 17. HP: 144/153 MP: 24/32
 38994 | Snake:3  | Identified the +3 long sword "Ufottiust" {drain, Str+3}
 39282 | Snake:3  | Got mumbling book
 39411 | Snake:4  | Entered Level 4 of the Snake Pit
 39440 | Snake:4  | Noticed Bai Suzhen
 39640 | Swamp:1  | Entered Level 1 of the Swamp
 40381 | Swamp:2  | Reached skill level 9 in Summonings
 40720 | Swamp:2  | Reached skill level 10 in Summonings
 41150 | Swamp:3  | Identified the +10 trident "Zele Bepue" {venom, Str+3}
 41231 | Swamp:3  | Reached XP level 18. HP: 160/160 MP: 5/36
 41234 | Swamp:3  | Reached skill level 11 in Summonings
 41669 | Swamp:4  | Entered Level 4 of the Swamp
 41972 | Swamp:4  | Identified the ring "Cywk" {Fly rElec Str+3}
 42047 | Swamp:4  | Reached skill level 12 in Summonings
 42091 | Swamp:4  | Noticed the 27-headed Lernaean hydra
 42095 | Swamp:4  | Reached skill level 13 in Summonings
 42098 | Swamp:4  | Killed the 27-headed Lernaean hydra
 42518 | Swamp:4  | Got a decaying rune of Zot
 42745 | Swamp:4  | Learned a level 5 spell: Summon Mana Viper
 42951 | Snake:4  | Noticed Donald
 42963 | Snake:4  | Killed Donald
 43038 | Snake:4  | Killed Bai Suzhen
 43039 | Snake:4  | Reached skill level 14 in Summonings
 43046 | Snake:4  | Noticed Kirke
 43055 | Snake:4  | Killed Kirke
 43296 | Snake:4  | Noticed Vashnia
 43580 | Snake:4  | Killed Vashnia
 43581 | Snake:4  | Reached skill level 1 in Evocations
 43663 | Snake:4  | Reached skill level 15 in Summonings
 44190 | Snake:4  | Reached XP level 19. HP: 92/167 MP: 3/37
 44720 | Snake:4  | Got a serpentine rune of Zot
 45368 | Elf:1    | Entered Level 1 of the Elven Halls
 45373 | Elf:1    | Paralysed by an air elemental for 1 turns
 45375 | Elf:1    | Paralysed by an air elemental for 1 turns
 45378 | Elf:1    | Paralysed by an air elemental for 1 turns
 45611 | Elf:1    | Found Ziuxof's Mayhem Merchandise.
 45659 | Elf:1    | Reached skill level 5 in Evocations
 45663 | Elf:1    | Got a fusty book
 45824 | Elf:1    | Paralysed by an air elemental for 1 turns
 46258 | Elf:1    | Reached skill level 16 in Summonings
 46773 | Elf:2    | Found a runed translucent gate.
 46779 | Elf:2    | Found an opulent altar of Gozag.
 46781 | Elf:2    | Found a runed translucent gate.
 46781 | Elf:2    | Found a runed translucent gate.
 46783 | Elf:2    | Paralysed by an air elemental for 1 turns
 46807 | Elf:2    | Found Azyhyaw's Assorted Antiques.
 46807 | Elf:2    | Noticed Eseiphumn's ghost (adept MeFi)
 47012 | Elf:2    | Found a runed translucent gate.
 47013 | Elf:2    | Found a runed translucent gate.
 47013 | Elf:2    | Found a runed translucent gate.
 47857 | D:13     | Learned a level 8 spell: Summon Horrible Things
 47858 | Vaults:1 | Entered Level 1 of the Vaults
 48105 | Vaults:1 | Reached skill level 17 in Summonings
 48410 | Vaults:1 | Found Ytoel's Magic Scroll Shoppe.
 48416 | Vaults:1 | Bought a scroll of fog for 60 gold pieces
 48416 | Vaults:1 | Bought a scroll of revelation for 112 gold pieces
 48416 | Vaults:1 | Bought a scroll of teleportation for 45 gold pieces
 49671 | Vaults:2 | Reached skill level 18 in Summonings
 49813 | Vaults:2 | Found Dotouh's Weapon Boutique.
 50032 | Vaults:2 | Reached XP level 20. HP: 150/174 MP: 26/38
 50449 | Vaults:2 | Reached skill level 5 in Armour
 51216 | Elf:2    | Killed Eseiphumn's ghost
 51315 | Elf:2    | Reached XP level 21. HP: 180/180 MP: 39/39
 51323 | Elf:2    | Bought a potion of curing for 108 gold pieces
 51323 | Elf:2    | Bought a scroll of teleportation for 108 gold pieces
 52301 | Vaults:3 | Found Socit's Assorted Antiques.
 52302 | Vaults:3 | Found Alamn's General Store.
 52612 | Vaults:3 | Reached skill level 15 in Spellcasting
 52791 | Vaults:3 | Reached skill level 19 in Summonings
 52846 | Vaults:3 | Found a staircase to the Crypt.
 53034 | Vaults:3 | Found Poeggeh's Distillery.
 53058 | Vaults:3 | Bought a potion of enlightenment for 85 gold pieces
 53058 | Vaults:3 | Bought a potion of curing for 51 gold pieces
 53058 | Vaults:3 | Bought a potion of curing for 51 gold pieces
 53058 | Vaults:3 | Bought 2 potions of resistance for 340 gold pieces
 53058 | Vaults:3 | Bought a potion of curing for 51 gold pieces
 53058 | Vaults:3 | Bought a potion of magic for 136 gold pieces
 53327 | Vaults:4 | Found Dotoxapo's Magic Scroll Shoppe.
 53434 | Vaults:4 | Bought a scroll of teleportation for 51 gold pieces
 53434 | Vaults:4 | Bought a scroll of teleportation for 51 gold pieces
 53434 | Vaults:4 | Bought a scroll of revelation for 127 gold pieces
 53976 | Vaults:4 | Noticed Mennas
 54049 | Vaults:4 | Killed Mennas
 55033 | Slime:1  | Entered Level 1 of the Pits of Slime
 55041 | Slime:1  | Reached skill level 20 in Summonings
 55041 | Slime:1  | Reached XP level 22. HP: 163/189 MP: 19/42
 55237 | Slime:3  | Learned a level 7 spell: Malign Gateway
 55359 | Slime:5  | Entered Level 5 of the Pits of Slime
 55406 | Slime:5  | Noticed the Royal Jelly
 55502 | Slime:5  | Killed the Royal Jelly
 55601 | Slime:5  | Paralysed by a formless jellyfish for 1 turns
 55627 | Slime:5  | Identified the +10 fire dragon scales "Yranik" {Drain Fly
                  | rF++ rC- rN++ SInv}
 55712 | Slime:5  | Got a slimy rune of Zot
 55713 | Slime:5  | Identified the staff "Vevvuylinu" {rC+ Will+ Ice}
 55792 | Slime:5  | Identified the +9 triple sword of the Bespelling Owl {elec,
                  | *Noise rPois Int+3 Dex+2}
 55903 | Slime:5  | Identified the +2 great mace of the Fifty Realms {drain,
                  | *Noise Fly rC+ Dex+4}
 56459 | Elf:3    | Entered Level 3 of the Elven Halls
 57272 | Elf:3    | Reached skill level 10 in Ice Magic
 57331 | Elf:3    | Identified the +4 sling of the Blessed Realm {flame, rF+
                  | Int+3 Dex+3}
 57332 | Elf:3    | Identified the +2 chain mail "Umasu" {rPois}
 57346 | Elf:3    | Got a graven book
 57477 | Elf:3    | Identified the +9 falchion "Earthworm" {venom, Int+3}
 57519 | Elf:3    | Identified the +2 falchion of Intimidation {holy, Stlth+}
 57544 | Elf:3    | Identified the ring of Winter {Fly SInv Stlth+}
 57559 | Elf:3    | Got graven book
 57658 | Elf:3    | Found Esiokiva's Armour Emporium.
 57849 | Elf:3    | Reached XP level 23. HP: 180/195 MP: 30/44
 58225 | Depths:1 | Entered Level 1 of the Depths
 58358 | Depths:1 | Found a sparkling altar of Nemelex Xobeh.
 58464 | Depths:1 | Found Remailin's Demolitions Depot.
 58700 | Depths:1 | Found an opulent altar of Gozag.
 58912 | Depths:1 | Noticed Sojobo
 58924 | Depths:1 | Killed Sojobo
 58932 | Depths:1 | Reached skill level 10 in Translocations
 58957 | Depths:1 | Found a gateway to Hell.
 58983 | Depths:1 | Noticed Norris
 58986 | Depths:1 | Noticed Aizul
 58991 | Depths:1 | Killed Aizul
 58992 | Depths:1 | Killed Norris
 59990 | Depths:2 | Identified the +5 ring mail of Omitta {Drain rElec Will++
                  | Int+4}
 60273 | Depths:2 | Identified the staff "Leeclos" {rC+ Str+3 Earth}
 60498 | Depths:2 | Reached skill level 21 in Summonings
 60667 | Depths:2 | Found a one-way gateway to a ziggurat.
 60671 | Depths:2 | Paralysed by a floating eye for 3 turns
 61166 | Depths:3 | Noticed a golden dragon
 61173 | Depths:3 | Killed a golden dragon
 61262 | Depths:3 | Reached skill level 1 in Shields
 61326 | Depths:3 | Reached XP level 24. HP: 136/202 MP: 13/45
 61513 | Depths:3 | Found Putab's Armour Shop.
 61567 | Depths:3 | Reached skill level 5 in Shields
 61770 | Depths:3 | Found a one-way gate to the infinite horrors of the Abyss.
 62148 | Depths:3 | Noticed Parghit
 62184 | Depths:3 | Noticed a juggernaut
 62280 | Depths:3 | Killed Parghit
 62657 | Depths:3 | Killed a juggernaut
 62696 | Depths:3 | Found the +8 frozen axe "Frostbite" {freeze, freezing
                  | cloud, *Noise Fly rC+}
 62702 | Depths:3 | Identified the +4 orcbow "Cutagi" {drain, Fly rF- Dex+3}
 62703 | Depths:3 | Identified the +3 spear "Qeciut" {flame, Str+5}
 62709 | Depths:3 | Identified the +5 shortbow of Fundamental Breach {drain,
                  | Will+}
 62799 | Depths:4 | Entered Level 4 of the Depths
 63338 | Depths:4 | Found a gate to the Realm of Zot.
 63799 | Depths:4 | Identified the +8 great mace "Eviscerator" {elec, rPois rC+
                  | Dex+3}
 64049 | Depths:4 | Noticed a caustic shrike
 64050 | Depths:4 | Noticed a caustic shrike
 64050 | Depths:4 | Noticed a caustic shrike
 64058 | Depths:4 | Killed a caustic shrike
 64059 | Depths:4 | Killed a caustic shrike
 64059 | Depths:4 | Killed a caustic shrike
 64513 | Depths:4 | Reached XP level 25. HP: 191/208 MP: 45/45
 65220 | Vaults:5 | Entered Level 5 of the Vaults
 65227 | Vaults:5 | Noticed an ancient lich
 65233 | Vaults:5 | Killed an ancient lich
 65306 | Vaults:5 | Reached skill level 10 in Shields
 65326 | Vaults:5 | Identified the +10 short sword of Notoxt {drain, rElec rF-
                  | Will+ Str+4}
 65352 | Vaults:5 | Identified the +4 scale mail of the Maze {Int-4 Dex+9}
 65466 | Vaults:5 | Identified the +5 chain mail "Dygruf" {rPois Will+ Int+5}
 65518 | Vaults:5 | Identified the +9 hand cannon "Laclaytu" {penet, rF+ rC++
                  | rCorr}
 65518 | Vaults:5 | Identified the +6 shortbow "Vonat" {elec, rC+ rN+ Str-5
                  | Dex+4}
 65528 | Vaults:5 | Identified the +2 buckler of Fyumih {Int+2}
 65640 | Vaults:5 | Identified the staff of Wyrd {rPois Str-3 Int+2 Dex+3 Conj}
 65728 | Vaults:5 | Reached skill level 22 in Summonings
 65802 | Vaults:5 | Noticed an ancient lich
 65806 | Vaults:5 | Killed an ancient lich
 65836 | Vaults:5 | Identified the +5 orcbow of Qysh {flame, Str+3}
 65935 | Vaults:5 | Found the +2 hood of the Assassin {Detect Stab+ Stlth++}
 65977 | Vaults:5 | Identified the ring of Yzonle {Will+ MP+9 Int+5}
 66274 | Vaults:5 | Reached skill level 10 in Polearms
 66521 | Vaults:5 | Got a silver rune of Zot
 67434 | Zot:1    | Entered Level 1 of the Realm of Zot
 67548 | Zot:1    | Reached XP level 26. HP: 216/216 MP: 46/46
 67756 | Zot:2    | Found the +4 dragonskin cloak
 67756 | Zot:2    | Noticed Tiamat
 68452 | Zot:1    | Identified the +2 robe of Disaster {Harm rC+++ rN+ Int-5}
 69662 | Zot:2    | Reached skill level 10 in Armour
 70135 | Zot:2    | Killed Tiamat
 70672 | Zot:5    | Entered Level 5 of the Realm of Zot
 71136 | Zot:4    | Noticed an orb of fire
 71297 | Zot:5    | Reached XP level 27. HP: 226/226 MP: 42/47
 71304 | Zot:5    | Noticed an orb of fire
 71313 | Zot:5    | Noticed an ancient lich
 71339 | Zot:5    | Noticed an ancient lich
 71365 | Zot:5    | Killed an orb of fire
 71454 | Zot:5    | Killed an ancient lich
 71532 | Zot:5    | Noticed a dread lich
 71534 | Zot:5    | Noticed a dread lich
 71542 | Zot:5    | Noticed an ancient lich
 71542 | Zot:5    | Killed a dread lich
 71544 | Zot:5    | Noticed an ancient lich
 71545 | Zot:5    | Noticed an orb of fire
 71548 | Zot:5    | Killed a dread lich
 71548 | Zot:5    | Noticed an orb of fire
 71552 | Zot:5    | Killed an ancient lich
 71554 | Zot:5    | Killed an ancient lich
 71569 | Zot:5    | Killed an orb of fire
 72070 | Zot:5    | Got the Orb of Zot
 72109 | Zot:5    | Killed an ancient lich
 72287 | Depths:3 | Noticed Poleb the pandemonium lord
 72647 | D:4      | Noticed a seraph
 72706 | D:2      | Noticed Dyfasu the pandemonium lord
 72764 | D:$      | Escaped with the Orb!

Illustrated notes

Levels and vault maps discovered:
D:1:      lightli_arrival_quake, layout_rooms,
          hellmonk_ecumenical_altar_heavens_door
D:2:      layout_basic, minivault_14, minmay_tall_x
D:3:      layout_rooms, serial_shops, nicolae_shop_waterfront,
          serial_bayou_lagoon_b
D:4:      layout_layer_cave, mainiacjoe_overflow_catwalk_spiral,
          roderic_serpentine_path, reono_crystal_passage, minmay_surrounded,
          uniq_grinder
D:5:      minmay_razor_zed, layout_cave_pools, minmay_temple_entry_glass,
          serial_demonic, serial_demonic_c, serial_demonic_c, serial_demonic_c,
          serial_demonic_d, minmay_misc_feat_enclosed, uniq_sigmund
D:6:      layout_gridville, nicolae_ossuary_entry_giza, corner_web_ring,
          kennysheep_small_spiral, amcnicky_mini_pool_medium, uniq_blork_the_orc
D:7:      layout_loops_cross, serial_co_window_serial, co_window_paths_a,
          co_window_paths_a, co_window_corner_a, co_window_paths_a,
          co_window_paths_b, co_window_corner_a, co_window_paths_b,
          co_window_of_opportunity_c, co_window_unsneaky_path_b,
          co_window_of_opportunity_b, co_window_corner_ca, co_window_corner_b,
          co_window_corner_b, co_window_broadway_b, glass_columns_b,
          glass_columns_c
D:8:      layout_basic, serial_rivers, chequers_serial_rivers_small_a,
          chequers_serial_rivers_room_a, chequers_serial_rivers_small_a,
          chequers_serial_rivers_room_b, chequers_serial_rivers_small_b,
          chequers_serial_rivers_micro_b, uniq_joseph, uniq_maggie
D:9:      layout_cave_pools, lair_entry_dummy, serial_shops,
          nicolae_shop_tiny_glass, nicolae_elemental_shop,
          kennysheep_windowed_goal
D:10:     layout_irregular_city, minmay_diamond_spiral
D:11:     minmay_the_grid_square_5x5_5x5_mashed
          [minmay_the_grid_square_5x5_tri_point, minmay_the_grid_square_5x5_two,
          minmay_the_grid_square_5x5_moneybag,
          minmay_the_grid_square_5x5_detours,
          minmay_the_grid_square_5x5_sharp_hourglass,
          minmay_the_grid_square_5x5_eight_small,
          minmay_the_grid_square_5x5_prize_rear_guard,
          minmay_the_grid_square_5x5_gyroscope,
          minmay_the_grid_square_5x5_prize_monsterx,
          minmay_the_grid_square_5x5_almost_minimal,
          minmay_the_grid_square_5x5_doubleslash, minmay_the_grid_square_5x5_v,
          minmay_the_grid_square_5x5_prize_snowflake,
          minmay_the_grid_square_5x5_hollow_slash,
          minmay_the_grid_square_5x5_corner, minmay_the_grid_square_5x5_inset,
          minmay_the_grid_square_5x5_prize_deathbox,
          minmay_the_grid_square_5x5_fancy_junction,
          minmay_the_grid_square_5x5_prize_junk,
          minmay_the_grid_square_5x5_two_walls_a,
          minmay_the_grid_square_5x5_checkered_sparse,
          minmay_the_grid_square_5x5_bridge, minmay_the_grid_square_5x5_c,
          minmay_the_grid_square_5x5_fat_x,
          minmay_the_grid_square_5x5_pentomino_r], layout_irregular_city,
          erik_orc_1, gauntlet_entry_generic, serial_shops,
          nicolae_shop_peninsula
D:12:     layout_cave_pools, serial_shops, nicolae_shop_hallway_plus,
          nicolae_vehumet_radiance
D:13:     layout_long_grid, lightli_vaults_fourway_checkpoint,
          gammafunk_ghost_mausoleum, uniq_urug, uniq_jorgrun
D:14:     layout_stronghold, serial_shops, nicolae_stop_n_shop_1, minmay_holes,
          fedhas_ov_isle_minmay
D:15:     grunt_enter_depths_hoard, layout_loops_cross,
          grunt_dithmenos_smoke_and_mirrors, grunt_potential
Lair:1:   layout_cave_pods, st_stairs_9, grunt_forest_large_clearings
Lair:2:   layout_layer_cave, guppyfry_snake_entry_island, st_stairs_4,
          infiniplex_staircase_pool_2
Lair:3:   layout_small_grid, palyth_hydra_swamp_entry, lemuel_fruit_fields,
          uniq_gastronok
Lair:4:   layout_hall_layers, slime_entry_1, gammafunk_ghost_icy,
          lemuel_centaur_altar
Lair:5:   due_jungle_book, layout_loops_ring, grunt_megastairs_1,
          infiniplex_staircase_pool, lemuel_fruit_tree
Swamp:1:  layout_basic_swamp, serial_swamp_ruin, hangedman_swamp_ruin_hall,
          evilmike_swamp_ruin_house_4
Swamp:2:  layout_falls_marsh, evilmike_swamp_ruin_house_5
Swamp:3:  layout_basic_swamp, hangedman_swamp_ruin_wall
Swamp:4:  swamp_old_school, layout_basic_swamp, swamp_pool3
Snake:1:  layout_onion_interference, st_stairs_14, grunt_ministairs_7,
          uniq_roxanne
Snake:2:  layout_layer_cave, st_stairs_10, minmay_shop_grove
Snake:3:  layout_onion_interference
Snake:4:  johnstein_snake_rune_scales, layout_misc_corridors, uniq_bai_suzhen,
          uniq_kirke, uniq_donald
Slime:1:  layout_caves
Slime:2:  cheibrodos_slime_lost_civilization_10, layout_caves
Slime:3:  layout_caves
Slime:4:  layout_caves
Slime:5:  slime_pit_nicolae_trefoil
Orc:1:    layout_caves
Orc:2:    hellmonk_orc_salted, layout_diamond_mine
Elf:1:    nicolae_elf_arrival_aired_out, layout_loops_corners,
          minmay_elf_demonology, minmay_shop_mayhem, nicolae_elf_crossing_hall
Elf:2:    nicolae_elf_blades_crystal_corner, layout_onion_city,
          ebering_ghost_gozag, uniq_asterion
Elf:3:    grunt_elf_hall_diamonds, layout_geoelf_grid, serial_shops,
          nicolae_shop_just_a_little_nook, nicolae_elf_v_pinch
Vaults:1: vaults_dpeg_ring, vaults_room_fancy_cross,
          nicolae_vaults_offset_grid_hallway_1, v_alt_pattern_3,
          hangedman_vaults_maws, layout_vaults_quadrants, serial_shops,
          nicolae_shop_rolling_square
Vaults:2: ontoclasm_vaults_loading_screen, hangedman_vaults_stagger, v_misc_12,
          grunt_vaults_diagonal, nicolae_vaults_what_the_h,
          nicolae_vaults_trapezoid_lopsided_1, v_misc_2, vaults_dpeg_spiral,
          nicolae_vaults_triangles, nicolae_vaults_layer_cake_slice,
          vaults_room_fours, layout_vaults_big_room, serial_shops, shop
Vaults:3: ontoclasm_vaults_pinch, v_misc_10, blue_anna_dwarven_crypt,
          nicolae_vaults_asterisk, v_alt_pattern_5, v_misc_26,
          nicolae_vaults_steering_wheel, nicolae_vaults_closet_pinwheel_3,
          nicolae_vaults_tetromino_L_1, nicolae_vaults_tetromino_T_1,
          vaults_dpeg_doors, nicolae_vaults_tetromino_Z_2,
          nicolae_vaults_heart-shaped_vault, nicolae_vaults_statue_guard,
          nicolae_vaults_trapezoid_layered, v_misc_14, layout_vaults_omnibox,
          serial_shops, shop, nicolae_shop_pleasant_corner_grove,
          nicolae_shop_hallway_stairs
Vaults:4: vaults_mumra_hexcomb, vaults_room_stairs_pillars,
          hangedman_vaults_slither, nicolae_vaults_more_shelving_1,
          nicolae_vaults_alarming, ontoclasm_vaults_chip, hangedman_vaults_maws,
          nicolae_vaults_tetromino_L_1, nicolae_vaults_tetromino_L_1,
          vaults_room_door_ring, nicolae_vaults_house_1,
          layout_vaults_omnicross, serial_shops, shop, uniq_mennas
Vaults:5: serial_shops
Depths:1: layout_honeycomb, nicolae_gozag_cash_rules_everything_around_me,
          hangedman_tar_grid_catacomb, nicolae_blasting_shop,
          nemelex_xobeh_ov_fountains_minmay, uniq_aizul, uniq_sojobo,
          uniq_norris
Depths:2: grunt_twist_and_shout, layout_cave_pools, enter_ziggurat_d,
          minmay_misc_feat_doors, rand_demon_pan_entry_1, hell_entry,
          infiniplex_staircase_diamond
Depths:3: giant_chief_lemuel, layout_basic, abyss_entry, serial_shops, shop,
          kennysheep_crisscross, hellmouth_3, infiniplex_staircase_pillars_1,
          uniq_parghit
Depths:4: grunt_crosshair, layout_honeycomb, nicolae_two_hexagons, hell_entry,
          hellmonk_guarded_unrand_dark_maul
Zot:1:    kennysheep_blocky_hall, layout_basic
Zot:2:    lemuel_draconian_sentries_small, layout_basic, uniq_tiamat
Zot:3:    layout_concentric_octagons
Zot:4:    layout_gridville, nicolae_transporter_intersection
Zot:5:    layout_misc_corridors, st_stairs_14

Skill      XL: |  1  2  3  4  5  6  7  8  9 10 11 12 13 14 15 16 17 18 19 20 21 22 23 24 25 26 27 |
---------------+----------------------------------------------------------------------------------+-----
Stealth        | 2 4 5 6 8 10 | 10.0
Fighting       | 3 4 5 7 10 11 12 14 15 17 | 17.1
Short Blades   | 2 4 |  4.0
Invocations    | 4 6 8 10 11 12 | 12.0
Dodging        | 5 |  5.0
Spellcasting   | 3 6 7 8 9 11 14 16 17 18 19 20 21 | 21.2
Necromancy     | 4 8 11 12 | 12.0
Armour         | 3 4 6 8 9 10 12 | 12.0
Ice Magic      | 3 6 9 10 11 12 | 12.0
Earth Magic    | 5 |  5.0
Polearms       | 5 6 11 12 | 12.0
Summonings     | 4 8 10 15 18 20 21 22 | 22.0
Translocations | 5 9 11 12 | 12.0
Evocations     | 3 6 |  6.0
Shields        | 3 9 10 11 12 | 12.0
Unarmed Combat | |  3.0
Shapeshifting  | |  3.0

Action                     |  1- 3 |  4- 6 |  7- 9 | 10-12 | 13-15 | 16-18 | 19-21 | 22-24 | 25-27 || total
---------------------------+-------+-------+-------+-------+-------+-------+-------+-------+-------++-------
  Melee: Unarmed           |    10 |       |       |       |       |       |       |       |       ||    10
         Punch             |     1 |       |     9 |     5 |       |     1 |     7 |    11 |       ||    34
         Short sword       |     7 |     6 |    70 |    96 |       |       |       |       |       ||   179
         Spear             |       |     1 |     2 |       |       |       |       |       |       ||     3
         Dagger            |       |       |   124 |    64 |       |       |       |       |       ||   188
         Halberd           |       |       |       |   147 |   305 |   184 |       |       |       ||   636
         Constrict         |       |       |       |       |    27 |    33 |    41 |    41 |    46 ||   188
         Trident           |       |       |       |       |       |    65 |   325 |   552 |   514 ||  1456
  Throw: Stone             |     5 |       |       |       |       |       |       |       |       ||     5
         Boomerang         |       |       |    27 |     1 |       |       |       |       |       ||    28
         Dart              |       |       |    16 |     1 |       |       |       |       |       ||    17
         Throwing net      |       |       |     5 |     3 |     1 |       |       |     1 |       ||    10
   Cast: Frozen Ramparts   |       |       |       |    30 |     8 |       |       |       |       ||    38
         Hailstorm         |       |       |       |    13 |    20 |       |       |       |       ||    33
         Borgnjor's Vile C |       |       |       |       |   178 |   117 |    77 |   168 |   122 ||   662
         Death Channel     |       |       |       |       |    40 |    28 |    19 |    24 |    18 ||   129
         Summon Ice Beast  |       |       |       |       |     4 |     1 |       |       |       ||     5
         Simulacrum        |       |       |       |       |       |   184 |    91 |   119 |   120 ||   514
         Summon Forest     |       |       |       |       |       |    47 |    36 |    22 |    10 ||   115
         Summon Mana Viper |       |       |       |       |       |     2 |     2 |       |       ||     4
         Summon Horrible T |       |       |       |       |       |       |    25 |    44 |    51 ||   120
         Malign Gateway    |       |       |       |       |       |       |       |     4 |     8 ||    12
         Blink             |       |       |       |       |       |       |       |       |     2 ||     2
 Invoke: Ancestor Identity |     1 |     2 |       |       |       |       |       |       |       ||     3
         Recall Ancestor   |     1 |     8 |     6 |     6 |     4 |     3 |     1 |     1 |     7 ||    37
         Ancestor Life: He |       |     1 |       |       |       |       |       |       |       ||     1
         Idealise          |       |       |     1 |     5 |     9 |     5 |     7 |     4 |     7 ||    38
         Transference      |       |       |       |     2 |       |       |     1 |       |     1 ||     4
Ability: Spit Poison       |    45 |    49 |    30 |    17 |       |       |       |       |       ||   141
         Begin Untransform |       |       |     1 |       |       |       |       |       |       ||     1
  Evoke: Wand              |       |       |       |     7 |     9 |     9 |       |     6 |    10 ||    41
         Sack of spiders   |       |       |       |       |     2 |     2 |       |     2 |     1 ||     7
         Condenser vane    |       |       |       |       |       |     1 |     1 |     2 |     3 ||     7
    Use: Scroll            |     3 |     4 |    11 |    20 |     8 |    11 |     6 |    17 |    15 ||    95
         Potion            |       |       |     2 |     3 |     3 |     1 |     3 |     4 |    23 ||    39
   Stab: Confused          |       |       |     5 |     4 |     9 |     4 |     7 |    20 |    18 ||    67
         Sleeping          |       |       |    13 |     5 |     3 |     4 |     5 |     1 |     1 ||    32
         Distracted        |       |       |     2 |     7 |     3 |     6 |     8 |     5 |    11 ||    42
         Held in net/web   |       |       |       |     2 |       |       |       |       |       ||     2
         Paralysed         |       |       |       |       |    21 |    22 |    36 |    60 |    41 ||   180
 Armour: Animal skin       |     8 |     8 |    81 |       |       |       |       |       |       ||    97
         Robe              |       |       |    38 |   282 |   279 |   392 |   302 |    30 |       ||  1323
         Fire dragon scale |       |       |       |       |       |       |       |   499 |   572 ||  1071
  Dodge: Dodged            |    11 |     5 |    59 |   164 |   118 |   118 |    81 |   111 |    71 ||   738
  Block: Buckler           |       |       |       |       |       |       |     2 |       |       ||     2
         Kite shield       |       |       |       |       |       |       |       |    66 |   197 ||   263

Table legend: (Time is in decaauts)
 A = Elapsed time spent in this place.
 B = Non-inter-level travel time spent in this place.
 C = Inter-level travel time spent in this place.
 D = Time resting spent in this place.
 E = Time spent auto-exploring this place.
 F = Levels seen in this place.
 G = Mean time per level.
                   A        B        C        D        E       F      G
               +--------+--------+--------+--------+--------+-----+--------+
         Total |  92896 |  80702 |  12194 |   6165 |  56096 |  53 | 1752.8 |
       Dungeon |  33036 |  26717 |   6319 |   4025 |  14588 |  15 | 2202.4 |
          Lair |  11854 |  10203 |   1651 |   1050 |   7821 |   5 | 2370.8 |
         Swamp |   4070 |   3859 |    211 |      9 |   3156 |   4 | 1017.5 |
     Snake Pit |   7581 |   7226 |    355 |     92 |   5914 |   4 | 1895.2 |
    Slime Pits |   1388 |   1144 |    244 |     79 |    352 |   5 |  277.6 |
  Orcish Mines |   3146 |   2296 |    850 |    144 |   1807 |   2 | 1573.0 |
   Elven Halls |   5501 |   4739 |    762 |     15 |   3904 |   3 | 1833.7 |
        Vaults |  10934 |  10009 |    925 |      4 |   8269 |   5 | 2186.8 |
        Depths |   8666 |   8142 |    524 |    215 |   6241 |   4 | 2166.5 |
           Zot |   5837 |   5487 |    350 |    453 |   3558 |   5 | 1167.4 |
       Ossuary |    878 |    878 |      0 |     78 |    484 |   1 |  878.0 |
               +--------+--------+--------+--------+--------+-----+--------+

Top non-repeatable levels by time:
     D:4: 3177 daAuts
    D:11: 3174 daAuts
  Lair:4: 2852 daAuts
  Lair:2: 2797 daAuts
Depths:4: 2786 daAuts
 Snake:2: 2736 daAuts
     D:5: 2709 daAuts
     D:2: 2646 daAuts
 Snake:4: 2631 daAuts
     D:8: 2622 daAuts
     D:7: 2598 daAuts
   Orc:2: 2501 daAuts
Vaults:5: 2486 daAuts
     D:1: 2438 daAuts
     D:3: 2339 daAuts
